[Event "Titled Tuesday Blitz March 07 Early 2023"]
[White "Vlasak, Lukas"]
[Black "Lewtak, Damian"]
[WhiteFideId "324752"]
[BlackFideId "1141724"]
[WhiteElo "2345"]
[BlackElo "2302"]
[Result "1-0"]
[Round "10"]
[TimeControl "180+2"]
[Date "2023.03.07"]
[WhiteClock "0:00:22"]
[BlackClock "0:00:06"]

1. e4 c5 2. Nf3 d6 3. d4 cxd4 4. Nxd4 Nf6 5. Nc3 Nc6 6. Bg5 e6 7. Qd2 a6 8. O-O-O Bd7 9. Kb1 h6 10. Be3 Be7 11. f3 h5 12. Rg1 Rc8 13. Be2 Ne5 14. Nb3 b5 15. Bd3 Qc7 16. h3 b4 17. Ne2 a5 18. f4 Nc4 19. Bxc4 Qxc4 20. e5 dxe5 21. fxe5 Nd5 22. Nf4 a4 23. Nxd5 exd5 24. Na5 Qc7 25. Qxd5 a3 26. Nc4 Be6 27. Qb5+ Kf8 28. b3 g6 29. Bb6 Qb7 30. Nd6 Bxd6 31. exd6 Qe4 32. Qd3 Qxd3 33. Rxd3 Bd7 34. Re1 Kg8 35. Re7 Bf5 36. d7 Kh7 37. Rxf7+ Kh6 38. Be3+ g5 39. Rd6+ Bg6 40. dxc8=Q Rxc8 41. Rff6 Rg8 42. Rxg6+ Rxg6 43. Rxg6+ Kxg6 44. Bc5 1-0


[Site "https://www.chess.com"]

[Event "Titled Tuesday Blitz March 07 Early 2023"]
[White "Mamedov, Edgar"]
[Black "Nur-Mukhametova, Alisa"]
[WhiteFideId "13739980"]
[BlackFideId "54117739"]
[WhiteElo "2330"]
[BlackElo "1903"]
[Result "1-0"]
[Round "10"]
[TimeControl "180+2"]
[Date "2023.03.07"]
[WhiteClock "0:00:04"]
[BlackClock "0:00:06"]

1. d4 Nf6 2. Bg5 d5 3. e3 c5 4. Bxf6 exf6 5. Nc3 Be6 6. Nf3 Nc6 7. dxc5 Bxc5 8. Nb5 O-O 9. Nbd4 Bg4 10. Be2 Rc8 11. c3 Qb6 12. Qb3 Bxd4 13. Nxd4 Nxd4 14. Qxb6 axb6 15. Bxg4 Nc2+ 16. Kd2 Nxa1 17. Bxc8 Rxc8 18. Rxa1 Kf8 19. a4 Ke7 20. Ra3 Kd6 21. Rb3 Kc5 22. Rb4 h5 23. h4 Re8 24. Kd3 f5 25. f3 Re6 26. Rb5+ Kc6 27. Kd4 Rg6 28. Rxd5 Rxg2 29. Rxf5 Rxb2 30. Rxf7 Rg2 31. Rf5 g6 32. Rg5 Rd2+ 33. Kc4 Rd6 34. f4 Re6 35. Kd3 Kd6 36. e4 Ke7 37. Rb5 Kf6 38. Ke3 Rc6 39. Rb3 Re6 40. c4 Rc6 41. Kd4 Rd6+ 42. Kc3 Re6 43. Kd3 Rd6+ 44. Ke2 Rc6 45. Kf3 Kf7 46. Rb5 Kg7 47. e5 Kf7 48. Ke3 Ke6 49. Kd4 Kf5 50. Kd5 Kxf4 51. e6 Kf5 52. e7 Re6 53. Rxb6 Rxe7 54. a5 Rd7+ 55. Kc5 Kg4 56. Rxg6+ Kxh4 57. Kb6 Re7 58. c5 Kh3 59. c6 bxc6 60. a6 h4 61. a7 Rxa7 62. Kxa7 Kh2 63. Kb6 h3 64. Kc5 Kh1 65. Kd4 h2 66. Ke3 c5 67. Kf2 c4 68. Ra6 c3 69. Ra1# 1-0


[Site "https://www.chess.com"]

[Event "Titled Tuesday Blitz March 07 Early 2023"]
[White "Leiva, Gianmarco"]
[Black "Andreev, Konstantin"]
[WhiteFideId "3804399"]
[BlackFideId "24239305"]
[WhiteElo "2345"]
[BlackElo "2106"]
[Result "0-1"]
[Round "10"]
[TimeControl "180+2"]
[Date "2023.03.07"]
[WhiteClock "0:00:07"]
[BlackClock "0:01:32"]

1. e4 c5 2. Nf3 e6 3. b3 Nc6 4. Bb2 Nge7 5. e5 d6 6. exd6 Qxd6 7. Na3 a6 8. Nc4 Qd8 9. a4 Nd5 10. g3 f6 11. Bg2 Be7 12. O-O O-O 13. d4 cxd4 14. Nxd4 Nxd4 15. Qxd4 Nb4 16. Qxd8 Rxd8 17. Ba3 Kf7 18. Nb6 Rb8 19. c3 Nc6 20. Bxe7 Kxe7 21. Rad1 Bd7 22. b4 Be8 23. a5 Ne5 24. Rfe1 Bc6 25. f4 Nf3+ 26. Bxf3 Bxf3 27. Rxd8 Rxd8 28. Kf2 Bc6 29. Ke3 e5 30. Rb1 e4 31. Rc1 Rd3+ 32. Ke2 f5 33. Rc2 Ke6 34. Ke1 h6 35. Ke2 g5 36. Ke1 gxf4 37. gxf4 Rf3 38. Rf2 Rxc3 39. Rg2 e3 40. Rg6+ Kf7 41. Rg3 Bb5 42. Kd1 e2+ 43. Kd2 Rc2+ 44. Ke1 Rc1+ 45. Kf2 e1=Q+ 46. Kf3 Qe2# 0-1


[Site "https://www.chess.com"]

[Event "Titled Tuesday Blitz March 07 Early 2023"]
[White "Tymrakiewicz, Rafal"]
[Black "Sielecki, Christof"]
[WhiteFideId "1108832"]
[BlackFideId "4620437"]
[WhiteElo "2151"]
[BlackElo "2443"]
[Result "1-0"]
[Round "10"]
[TimeControl "180+2"]
[Date "2023.03.07"]
[WhiteClock "0:00:32"]
[BlackClock "0:00:13"]

1. e4 c5 2. d4 cxd4 3. c3 dxc3 4. Nxc3 e6 5. Nf3 a6 6. Bc4 b5 7. Bb3 Nc6 8. O-O Na5 9. Bc2 Bb7 10. b3 Rc8 11. Bb2 Nf6 12. e5 Nd5 13. Ne4 Be7 14. Rc1 Nc6 15. a3 h6 16. Qd2 a5 17. Rfd1 b4 18. a4 Qb6 19. Bb1 Ba6 20. h4 Rc7 21. Nd6+ Bxd6 22. exd6 Rc8 23. Bxg7 Rg8 24. Qxh6 Nc3 25. Qh7 Rf8 26. Rxc3 bxc3 27. Bxf8 Qxb3 28. Bc2 Qc4 29. Be7 Nxe7 30. Qh8+ Ng8 31. Qxg8# 1-0


[Site "https://www.chess.com"]

[Event "Titled Tuesday Blitz March 07 Early 2023"]
[White "Krstulovic, Alex"]
[Black "Staudenhocker43"]
[WhiteFideId "760056"]
[WhiteElo "2311"]
[BlackElo "2455"]
[Result "1-0"]
[Round "10"]
[TimeControl "180+2"]
[Date "2023.03.07"]
[WhiteClock "0:00:25"]
[BlackClock "0:01:38"]

1. Nf3 Nf6 2. g3 g6 3. Bg2 Bg7 4. O-O O-O 5. d4 c5 6. e3 d5 7. b3 cxd4 8. exd4 Nc6 9. Bb2 Bf5 10. Nbd2 Ne4 11. c3 Rc8 12. Nh4 Nxd2 13. Qxd2 Be6 14. Rae1 Qd7 15. f4 Bh3 16. f5 Bxg2 17. Kxg2 Qd6 18. Qg5 Bf6 19. Qh6 Bg7 20. Qg5 Bf6 21. Qg4 Rce8 22. fxg6 hxg6 23. Nf5 Qd8 24. Bc1 Bg7 25. Bh6 Bxh6 26. Nxh6+ Kh7 27. Nxf7 Qc8 28. Qh4+ Kg7 29. Qh6+ Kg8 30. Qh8# 1-0


[Site "https://www.chess.com"]

[Event "Titled Tuesday Blitz March 07 Early 2023"]
[White "Saito, Vinicius"]
[Black "Decuigniere, Tom"]
[WhiteFideId "2113384"]
[BlackFideId "26093820"]
[WhiteElo "2152"]
[BlackElo "2312"]
[Result "1-0"]
[Round "10"]
[TimeControl "180+2"]
[Date "2023.03.07"]
[WhiteClock "0:01:10"]
[BlackClock "0:00:03"]

1. e4 c5 2. Nf3 g6 3. d3 Bg7 4. Nc3 Nc6 5. g3 e6 6. Bg2 Nge7 7. O-O O-O 8. Be3 Nd4 9. Qd2 d5 10. Nd1 Nxf3+ 11. Bxf3 b6 12. Bh6 Bb7 13. Bxg7 Kxg7 14. Qe2 Nc6 15. c3 Ne5 16. Bg2 dxe4 17. dxe4 Qd3 18. Qxd3 Nxd3 19. b3 Rfd8 20. Ne3 Rd7 21. Rfd1 Rad8 22. f4 f6 23. Rd2 g5 24. fxg5 fxg5 25. Rad1 Ne5 26. Rxd7+ Rxd7 27. Rxd7+ Nxd7 28. Nc4 Ba6 29. Nd2 Kf6 30. Kf2 g4 31. Ke3 Ke5 32. h3 h5 33. h4 Nf6 34. c4 Bb7 35. Bh1 Ba8 36. Bg2 a6 37. Bh1 Bb7 38. Bg2 Bc6 39. Bh1 Ne8 40. Bg2 Nd6 41. Bh1 Bb7 42. Bg2 Nf5+ 43. exf5 Bxg2 44. fxe6 Kxe6 45. Kf4 Kf6 46. Nb1 Bf1 47. Nc3 Bg2 48. Na4 b5 49. cxb5 axb5 50. Nxc5 Bd5 51. a4 Bxb3 52. axb5 Bd5 53. b6 1-0


[Site "https://www.chess.com"]

[Event "Titled Tuesday Blitz March 07 Early 2023"]
[White "Galchenko, Matvey"]
[Black "Girsh, Daniel"]
[WhiteFideId "24175480"]
[BlackFideId "30949190"]
[WhiteElo "2404"]
[BlackElo "2075"]
[Result "0-1"]
[Round "10"]
[TimeControl "180+2"]
[Date "2023.03.07"]
[WhiteClock "0:00:42"]
[BlackClock "0:01:23"]

1. f4 d5 2. Nf3 Nf6 3. g3 Bf5 4. Bg2 e6 5. O-O Be7 6. d3 O-O 7. Nc3 d4 8. Nb5 Nc6 9. e4 dxe3 10. Bxe3 Ng4 11. Qe2 a6 12. Nc3 Bf6 13. Bc5 Nd4 14. Nxd4 Bxd4+ 15. Bxd4 Qxd4+ 16. Kh1 c6 17. Rae1 Qb4 18. Nd1 Rfd8 19. a3 Qb6 20. h3 Nf6 21. g4 Bg6 22. Qe5 Nd7 23. Qc3 Nc5 24. f5 exf5 25. gxf5 Bh5 26. b4 Nd7 27. f6 Nxf6 28. Ne3 Qd4 29. Qxd4 Rxd4 30. Nf5 Rd7 31. Re5 Bg6 32. Ne7+ Kf8 33. Rfe1 Re8 34. Nxg6+ hxg6 35. Rxe8+ Nxe8 36. Rf1 Nd6 37. Kh2 Re7 38. Bf3 Nf5 39. Rf2 Re1 40. Be4 Nd6 41. Bxg6 Ke7 42. Bh5 Ra1 43. Re2+ Kd7 44. c4 Rxa3 45. c5 g6 46. Bg4+ f5 47. Bf3 Nb5 48. Rg2 Rxd3 49. Be2 Rd2 50. Kg3 Nd4 51. Bf1 Rxg2+ 52. Bxg2 Nc2 53. Kf4 Ke6 54. Kg5 Kf7 55. Bf1 Nxb4 56. Bc4+ Kg7 57. h4 a5 58. Kf4 Kf6 59. Bb3 Nd3+ 0-1


[Site "https://www.chess.com"]

[Event "Titled Tuesday Blitz March 07 Early 2023"]
[White "Garakov, Mikhael"]
[Black "Harsh Suresh"]
[WhiteFideId "4169034"]
[BlackFideId "45018464"]
[WhiteElo "2347"]
[BlackElo "2227"]
[Result "1-0"]
[Round "10"]
[TimeControl "180+2"]
[Date "2023.03.07"]
[WhiteClock "0:00:19"]
[BlackClock "0:00:19"]

1. e4 c5 2. Nf3 g6 3. c3 Bg7 4. d4 cxd4 5. cxd4 d5 6. e5 Bg4 7. Be2 Nc6 8. Nbd2 e6 9. O-O Nge7 10. h3 Bxf3 11. Nxf3 Qb6 12. g4 h5 13. Kg2 O-O-O 14. b4 hxg4 15. hxg4 f6 16. b5 Na5 17. Ba3 Rd7 18. Rc1+ Kb8 19. exf6 Bxf6 20. Qd2 g5 21. Ne5 Bxe5 22. dxe5 Ng6 23. Qxg5 Rg7 24. Bd6+ Ka8 25. Rh1 Rhg8 26. Qf6 Nc4 27. Bxc4 dxc4 28. Rxc4 Qxb5 29. Qxg7 Qd5+ 30. f3 Qd2+ 31. Kg3 Rd8 32. Qc7 1-0


[Site "https://www.chess.com"]

[Event "Titled Tuesday Blitz March 07 Early 2023"]
[White "Pakleza, Zbigniew"]
[Black "Migot, Tangi"]
[WhiteFideId "1119290"]
[BlackFideId "662445"]
[WhiteElo "2410"]
[BlackElo "2541"]
[Result "1-0"]
[Round "10"]
[TimeControl "180+2"]
[Date "2023.03.07"]
[WhiteClock "0:02:24"]
[BlackClock "0:02:00"]

1. d4 Nf6 2. Nf3 g6 3. Bf4 Bg7 4. e3 d6 5. Be2 O-O 6. h3 c5 7. c3 Be6 8. dxc5 dxc5 9. Qxd8 Rxd8 10. a4 Nc6 11. a5 Nd5 12. Bg3 Bf5 13. O-O e5 14. Nfd2 e4 15. Bh4 Rd7 16. g4 Be6 17. Nxe4 h5 18. Nxc5 Rc7 19. Nxe6 fxe6 20. gxh5 1-0


[Site "https://www.chess.com"]

[Event "Titled Tuesday Blitz March 07 Early 2023"]
[White "Kokoszczynski, Jan"]
[Black "polandchessplayer"]
[WhiteFideId "1174460"]
[WhiteElo "2139"]
[BlackElo "2755"]
[Result "1/2-1/2"]
[Round "10"]
[TimeControl "180+2"]
[Date "2023.03.07"]
[WhiteClock "0:00:04"]
[BlackClock "0:00:07"]

1. c4 Nf6 2. Nc3 e6 3. d4 d5 4. cxd5 exd5 5. Bg5 Be7 6. e3 c6 7. Bd3 O-O 8. h3 Nbd7 9. Nf3 Re8 10. O-O Nf8 11. Bf4 Be6 12. Rc1 Bd6 13. Bxd6 Qxd6 14. Ne5 N6d7 15. Nxd7 Qxd7 16. Na4 b6 17. Qf3 Rac8 18. Nc3 Ng6 19. Rfd1 Nh4 20. Qg3 Nf5 21. Qf3 Nd6 22. b3 Bf5 23. Bxf5 Nxf5 24. Qg4 g6 25. Ne2 h5 26. Qf3 Qd6 27. Nf4 Ng7 28. Nd3 Nf5 29. Rc2 Kg7 30. Rdc1 Rc7 31. Nf4 Rec8 32. Nxh5+ Kg8 33. Nf4 Ne7 34. Nd3 c5 35. dxc5 bxc5 36. Nf4 Rd8 37. Rd2 Qe5 38. Rcd1 Rcd7 39. Nd3 Qd6 40. Nf4 Qe5 41. h4 d4 42. exd4 cxd4 43. Nd3 Qg7 44. Re2 Nf5 45. g3 Rc7 46. Rde1 Qf8 47. Kg2 Rdc8 48. Qf4 Rc3 49. Ne5 R3c7 50. h5 Qd6 51. hxg6 fxg6 52. Nd3 Qxf4 53. Nxf4 Kf7 54. Rd2 Rd7 55. Red1 Rcd8 56. Rd3 g5 57. Ne2 Kf6 58. g4 Nh4+ 59. Kg3 Ke5 60. Ng1 Rf8 61. Nf3+ Nxf3 62. Rxf3 Rxf3+ 63. Kxf3 Rc7 64. Rd2 Rc3+ 65. Ke2 Ke4 66. f3+ Ke5 67. Rd3 Rc2+ 68. Rd2 Rc1 69. Kd3 Rc3+ 70. Ke2 a5 71. Rd3 Rc2+ 72. Rd2 Rc1 73. Kd3 Rc3+ 74. Ke2 Kd5 75. Kf2 Rc8 76. Ke2 Rh8 77. Kd3 Rh3 78. Rf2 Rg3 79. Rf1 Rg2 80. a3 Rb2 81. b4 Rb3+ 82. Kc2 a4 83. f4 gxf4 84. Rxf4 Rxa3 85. g5 Kc4 86. Rg4 Ra2+ 87. Kb1 Re2 88. g6 Re8 89. g7 Rg8 90. Ka2 Kc3 91. b5 d3 92. Kb1 a3 93. b6 d2 94. Rg3+ Kc4 95. Kc2 a2 96. Rg1 Rxg7 97. Ra1 Kc5 98. Kxd2 Rg2+ 99. Kc3 Kxb6 100. Kb3 Rg3+ 101. Kxa2 Kb5 102. Rb1+ Ka4 103. Rb2 Rf3 104. Rc2 Re3 105. Rd2 Kb4 106. Rb2+ Kc3 107. Rb8 Re4 108. Rc8+ Kd3 109. Rd8+ 1/2-1/2


[Site "https://www.chess.com"]

[Event "Titled Tuesday Blitz March 07 Early 2023"]
[White "Lehtosaari, Mauri"]
[Black "Boyer, Mahel"]
[WhiteFideId "501999"]
[BlackFideId "45102422"]
[WhiteElo "2517"]
[BlackElo "2439"]
[Result "0-1"]
[Round "10"]
[TimeControl "180+2"]
[Date "2023.03.07"]
[WhiteClock "0:00:01"]
[BlackClock "0:00:03"]

1. d4 d6 2. Nf3 Nf6 3. Bg5 Nbd7 4. e3 h6 5. Bh4 g5 6. Bg3 Nh5 7. Bd3 Bg7 8. c3 e6 9. Ng1 Nxg3 10. hxg3 c5 11. Nd2 Qe7 12. Qe2 Rb8 13. a4 d5 14. Ngf3 e5 15. dxe5 Nxe5 16. Nxe5 Bxe5 17. Bb5+ Kf8 18. Nf3 Bf6 19. a5 a6 20. Bd3 Kg7 21. Bc2 b5 22. Qd3 b4 23. O-O bxc3 24. bxc3 Rb2 25. Rab1 c4 26. Qd2 Qa3 27. Rxb2 Qxb2 28. Nd4 Re8 29. Rb1 Qa3 30. Nf5+ Bxf5 31. Bxf5 Qxa5 32. Rb7 Re7 33. Rxe7 Bxe7 34. e4 Bf6 35. exd5 Bxc3 36. Qd1 Bf6 37. Bc2 Qb6 38. d6 Bd4 39. d7 Qd6 40. Qg4 c3 41. Qf5 Bf6 42. Kh2 Kf8 43. Kh3 a5 44. Qxa5 Qxd7+ 45. Bf5 Qd4 46. Qa8+ Kg7 47. Qf3 Qd2 48. Qe4 Qxf2 49. Qd3 Qg1 50. Kg4 Qe1 0-1


[Site "https://www.chess.com"]

[Event "Titled Tuesday Blitz March 07 Early 2023"]
[White "Wagner, Dennis"]
[Black "Degenbaev, Aziz"]
[WhiteFideId "24650684"]
[BlackFideId "13802640"]
[WhiteElo "2470"]
[BlackElo "2152"]
[Result "1-0"]
[Round "10"]
[TimeControl "180+2"]
[Date "2023.03.07"]
[WhiteClock "0:00:03"]
[BlackClock "0:00:03"]

1. Nf3 Nf6 2. b3 g6 3. Bb2 Bg7 4. g3 O-O 5. Bg2 c5 6. c4 d6 7. O-O e5 8. d3 Nc6 9. Nc3 h6 10. Nd2 Be6 11. Nd5 Qd7 12. a3 Bh3 13. Nxf6+ Bxf6 14. Ne4 Be7 15. e3 Bxg2 16. Kxg2 d5 17. Nc3 d4 18. Nd5 f5 19. exd4 exd4 20. Re1 Bd6 21. Bc1 Kh7 22. Ra2 Ne7 23. Qf3 Ng8 24. Rae2 Rae8 25. h4 Rxe2 26. Qxe2 Nf6 27. Qe6 Qxe6 28. Rxe6 Nxd5 29. Rxd6 Nf6 30. Bf4 Kg8 31. Be5 Ng4 32. Rxg6+ Kf7 33. Rg7+ Ke6 34. Bf4 Rf7 35. Rg6+ Rf6 36. Rg8 Rf7 37. h5 Re7 38. Rg6+ Kf7 39. Bxh6 Re2 40. Kf1 Rxf2+ 41. Ke1 Rb2 42. Bf4 Rxb3 43. Rg5 Kf6 44. Rg8 Rxd3 45. h6 Nxh6 46. Bxh6 Rxa3 47. Bf4 Rc3 48. Rf8+ Ke7 49. Ra8 Rxc4 50. Rxa7 Rb4 51. Kd2 Ke6 52. Kd3 Kd5 53. Ra5 Rb3+ 54. Kc2 Rb6 55. Ra8 Kc4 56. Ra4+ Kd5 57. Bd2 Ke4 58. Bf4 Kd5 59. Ra1 Re6 60. Rh1 b5 61. Rh5 Ke4 62. Rh8 Ra6 63. Re8+ Kd5 64. Re5+ Kc4 65. Rxf5 Ra2+ 66. Kb1 Rg2 67. Bd6 d3 68. Rxc5+ Kd4 69. Rxb5 d2 70. Kc2 Ke3 71. Bf4+ Kd4 72. Rb8 1-0


[Site "https://www.chess.com"]

[Event "Titled Tuesday Blitz March 07 Early 2023"]
[White "Rozman, Levy"]
[Black "Malyi, Viacheslav"]
[WhiteFideId "2039877"]
[BlackFideId "14123983"]
[WhiteElo "2376"]
[BlackElo "2291"]
[Result "1/2-1/2"]
[Round "10"]
[TimeControl "180+2"]
[Date "2023.03.07"]
[WhiteClock "0:00:03"]
[BlackClock "0:00:11"]

1. e4 e5 2. Nf3 Nc6 3. c3 Nf6 4. d3 d5 5. Qc2 Be6 6. Be2 h6 7. h3 Qd7 8. b4 a6 9. O-O Be7 10. Nbd2 O-O 11. Bb2 Rad8 12. a4 b5 13. axb5 axb5 14. Rfe1 d4 15. cxd4 Nxd4 16. Bxd4 exd4 17. Rec1 Bxb4 18. Qxc7 Bc3 19. Ra7 Qxc7 20. Rxc7 b4 21. Bd1 Rc8 22. Rxc8 Rxc8 23. Bb3 Nd7 24. Nxd4 Bxb3 25. N2xb3 Ne5 26. Rd1 Bxd4 27. Nxd4 Rc3 28. Rb1 Nxd3 29. Kf1 Rc4 30. Nb5 Rxe4 31. f3 Rc4 32. Rb3 Nf4 33. Rb1 g5 34. Nd6 Rc2 35. Rxb4 Nxg2 36. Nf5 Kh7 37. Rb6 Nf4 38. Rxh6+ Kg8 39. h4 gxh4 40. Rxh4 Ng6 41. Re4 Ra2 42. Rb4 Rc2 43. Nd4 Ra2 44. Nf5 Ne5 45. f4 Ng6 46. Rb8+ Kh7 47. Rb7 Kg8 48. Nh6+ Kg7 49. Nxf7 Nxf4 50. Nd6+ Kf6 51. Nc4 Kf5 1/2-1/2


[Site "https://www.chess.com"]

[Event "Titled Tuesday Blitz March 07 Early 2023"]
[White "Omariev, Maksim"]
[Black "Preotu, Razvan"]
[WhiteFideId "4193423"]
[BlackFideId "2613280"]
[WhiteElo "2489"]
[BlackElo "2407"]
[Result "0-1"]
[Round "10"]
[TimeControl "180+2"]
[Date "2023.03.07"]
[WhiteClock "0:00:01"]
[BlackClock "0:00:54"]

1. g4 e5 2. Bg2 d5 3. d4 e4 4. h3 h5 5. g5 h4 6. c4 c6 7. Nc3 Be6 8. Qb3 Na6 9. cxd5 cxd5 10. Bf4 Bd6 11. Qb5+ Kf8 12. Bd2 Nb4 13. Rc1 Bd7 14. Qxb7 Bc6 15. Qxa8 Bxa8 16. a3 Na6 17. Nb5 Ne7 18. Nxa7 g6 19. Nb5 Kg7 20. e3 Nf5 21. Nxd6 Nxd6 22. Ne2 Qxg5 23. Rg1 Qf6 24. Nf4 Qf5 25. Bf1 Nc4 26. Bxc4 dxc4 27. Rxc4 Rc8 0-1


[Site "https://www.chess.com"]

[Event "Titled Tuesday Blitz March 07 Early 2023"]
[White "Skliarov, Viktor"]
[Black "Rottenwohrer Suarez, Juan"]
[WhiteFideId "14106736"]
[BlackFideId "32068182"]
[WhiteElo "2289"]
[BlackElo "2174"]
[Result "0-1"]
[Round "10"]
[TimeControl "180+2"]
[Date "2023.03.07"]
[WhiteClock "0:00:02"]
[BlackClock "0:00:03"]

1. e4 c5 2. Nf3 g6 3. d4 cxd4 4. Qxd4 Nf6 5. e5 Nc6 6. Qa4 Nd5 7. Qe4 Nb6 8. Nc3 d5 9. exd6 Bf5 10. dxe7 Bxe7 11. Qf4 O-O 12. Bb5 Nb4 13. O-O Nxc2 14. Rb1 Nb4 15. Qh6 Bxb1 16. Nxb1 Qd5 17. Nc3 Qh5 18. Qxh5 gxh5 19. Bh6 Rfd8 20. Re1 Bf6 21. h3 Nd3 22. Re2 a6 23. Ne4 Bg7 24. Bxg7 Kxg7 25. Bxd3 Rxd3 26. Nc5 Rd1+ 27. Kh2 Nd7 28. Nxb7 Rb8 29. Na5 Nf6 30. Nc4 Re8 31. Rc2 Ra1 32. b3 Nd5 33. Nd4 Nb4 34. Rd2 Rxa2 35. Rxa2 Nxa2 36. Nc6 Nc1 37. N4a5 Re2 38. Kg3 Rb2 39. Nd4 Nd3 40. f4 Ne1 41. Nc4 Rxg2+ 42. Kh4 Kh6 43. Ne3 Rb2 44. Nef5+ Kg6 45. Ne7+ Kf6 46. Nd5+ Kg7 47. Kxh5 Nd3 48. Nf5+ Kf8 49. Kg5 Rxb3 50. Nf6 Rb5 51. Nxh7+ Ke8 52. Nf6+ Kd8 53. Ne4 a5 54. Nd6 Rd5 55. Nxf7+ Ke8 56. Nd6+ Kf8 57. Nc4 a4 58. Kf6 Rc5 59. Ne5 Nxe5 60. fxe5 a3 61. e6 Rxf5+ 62. Kxf5 a2 63. e7+ Kxe7 64. Kg4 a1=Q 0-1


[Site "https://www.chess.com"]

[Event "Titled Tuesday Blitz March 07 Early 2023"]
[White "Prokofiev, Valentyn"]
[Black "Sargissyan, Sargis"]
[WhiteFideId "14160161"]
[BlackFideId "13303210"]
[WhiteElo "2260"]
[BlackElo "2109"]
[Result "1-0"]
[Round "10"]
[TimeControl "180+2"]
[Date "2023.03.07"]
[WhiteClock "0:00:26"]
[BlackClock "0:00:04"]

1. e4 e5 2. Nf3 Nc6 3. Bb5 Nf6 4. O-O Nxe4 5. d4 Nd6 6. Ba4 e4 7. Ne5 Be7 8. Nc3 O-O 9. Re1 f6 10. Bb3+ Kh8 11. Ng6+ hxg6 12. Re3 Nf7 13. Qg4 d5 14. Qxg6 Nxd4 15. Bxd5 Bf5 16. Qh5+ Nh6 17. Rg3 Bh7 18. Bxh6 gxh6 19. Bxe4 f5 20. Qxh6 Bf6 21. Bd3 Qe7 22. Nd5 Qf7 23. Nf4 Rg8 24. Bc4 Qf8 25. Rxg8+ Qxg8 26. Bxg8 Kxg8 27. Qxf6 1-0


[Site "https://www.chess.com"]

[Event "Titled Tuesday Blitz March 07 Early 2023"]
[White "Kvaloy, Aksel Bu"]
[Black "Golubev, Mikhail"]
[WhiteFideId "1528815"]
[BlackFideId "14100983"]
[WhiteElo "2208"]
[BlackElo "2374"]
[Result "0-1"]
[Round "10"]
[TimeControl "180+2"]
[Date "2023.03.07"]
[WhiteClock "0:00:02"]
[BlackClock "0:00:02"]

1. e4 c5 2. Nf3 d6 3. d4 Nf6 4. Nc3 cxd4 5. Nxd4 g6 6. Be3 Bg7 7. f3 a6 8. Qd2 h5 9. Be2 Nbd7 10. O-O-O Qc7 11. g4 hxg4 12. fxg4 Nc5 13. Nd5 Nxd5 14. exd5 Bd7 15. Kb1 O-O-O 16. c3 Rh3 17. Bf1 Ne4 18. Qe1 Rh7 19. Bg2 Nc5 20. Qe2 Bf6 21. Nc6 Rdh8 22. Bxc5 dxc5 23. Rhe1 Rxh2 24. Qe4 bxc6 25. dxc6 Be6 26. Rd7 Bxd7 27. cxd7+ Qxd7 28. Qa8+ Kc7 29. Qb7+ Kd8 30. Qb8+ Qc8 31. Rd1+ Bd4 32. Qg3 Qc7 33. Qf3 Rxg2 34. Qxg2 Rh2 35. Qd5+ Qd7 36. Qxf7 Qxg4 37. Qg8+ Kd7 38. Qd5+ Kc7 39. Re1 Qf5+ 40. Qxf5 gxf5 41. cxd4 cxd4 42. Rxe7+ Kd6 43. Re1 Kd5 44. Kc1 f4 45. a3 d3 46. Rf1 Ke4 47. Re1+ Re2 48. Rh1 Ke3 49. Rh8 Re1# 0-1


[Site "https://www.chess.com"]

[Event "Titled Tuesday Blitz March 07 Early 2023"]
[White "Kim, Sergey"]
[Black "Slade, Theodore"]
[WhiteFideId "13700570"]
[BlackFideId "426547"]
[WhiteElo "2626"]
[BlackElo "1964"]
[Result "1/2-1/2"]
[Round "10"]
[TimeControl "180+2"]
[Date "2023.03.07"]
[WhiteClock "0:00:05"]
[BlackClock "0:00:05"]

1. d4 d5 2. c4 e6 3. Nc3 a6 4. e3 Nf6 5. Nf3 Be7 6. a3 O-O 7. Bd3 dxc4 8. Bxc4 b5 9. Ba2 Bb7 10. O-O c5 11. Qe2 Nbd7 12. Rd1 Rc8 13. h3 Qb6 14. e4 cxd4 15. Nxd4 Ne5 16. Be3 b4 17. Nxe6 Qc6 18. Nd4 Qc7 19. axb4 Bxb4 20. Nd5 Bxd5 21. Bxd5 a5 22. Nf5 Qc2 23. Qa6 Nxd5 24. Rxd5 Qxb2 25. Rad1 Rc6 26. Qb7 Qc2 27. Rc1 Qxe4 28. Rxc6 Qxd5 29. Rb6 Qxb7 30. Rxb7 Ra8 31. Bd4 Nc6 32. Bxg7 a4 33. Ba1 Bf8 34. Rc7 Nd8 35. g4 Ne6 36. Rc2 a3 37. Ra2 Rb8 38. Be5 Rb1+ 39. Kg2 Rb5 40. Bf6 h5 41. Ne7+ Bxe7 42. Bxe7 hxg4 43. hxg4 Nf4+ 44. Kg3 Nd5 45. Bd6 Rb6 46. Bc5 Rb5 47. Bd6 Rb6 48. Bc5 Rb5 49. Bd6 1/2-1/2


[Site "https://www.chess.com"]

[Event "Titled Tuesday Blitz March 07 Early 2023"]
[White "Jimenez Almeida, Luis David"]
[Black "Vaglio Munoz, Jaime"]
[WhiteFideId "22242244"]
[BlackFideId "6500145"]
[WhiteElo "2245"]
[BlackElo "2199"]
[Result "0-1"]
[Round "10"]
[TimeControl "180+2"]
[Date "2023.03.07"]
[WhiteClock "0:00:08"]
[BlackClock "0:00:15"]

1. e4 d6 2. d4 Nf6 3. f3 e5 4. Ne2 Be7 5. Nbc3 O-O 6. Be3 Nbd7 7. Qd2 c6 8. g4 b5 9. g5 Nh5 10. h4 b4 11. Nd1 Nb6 12. b3 a5 13. c4 c5 14. d5 a4 15. Rb1 axb3 16. axb3 f6 17. Bg2 f5 18. Bf2 g6 19. Ne3 fxe4 20. fxe4 Nf4 21. Bf1 Ra2 22. Qxa2 Nd3+ 23. Kd2 Nxf2 24. Bg2 Nxh1 25. Rxh1 h6 26. gxh6 Bxh4 27. Qa7 Rf7 28. Qa5 Bg5 29. h7+ Rxh7 30. Rxh7 Bxe3+ 31. Kxe3 Nxc4+ 32. bxc4 Qxa5 33. Re7 Bg4 34. Nc1 Qa3+ 35. Nd3 Qa1 36. Nf2 Qd4# 0-1


[Site "https://www.chess.com"]

[Event "Titled Tuesday Blitz March 07 Early 2023"]
[White "Matveeva, Olga"]
[Black "Yelisieiev, Yevhenii"]
[WhiteFideId "24107018"]
[BlackFideId "14139642"]
[WhiteElo "2056"]
[BlackElo "2447"]
[Result "0-1"]
[Round "10"]
[TimeControl "180+2"]
[Date "2023.03.07"]
[WhiteClock "0:00:01"]
[BlackClock "0:00:14"]

1. d4 d6 2. Nf3 Nf6 3. g3 Nbd7 4. Bg2 e5 5. dxe5 dxe5 6. O-O Bc5 7. b3 O-O 8. Bb2 Re8 9. Nc3 e4 10. Nd4 c6 11. Na4 Bf8 12. c4 Ne5 13. Qc2 e3 14. f3 Qc7 15. Rad1 g6 16. c5 Nd5 17. a3 h5 18. h4 Nd7 19. Kh2 Be7 20. f4 N7f6 21. b4 Ng4+ 22. Kg1 Bf6 23. Nc3 Nxc3 24. Bxc3 Bd7 25. Qb2 Kg7 26. Nb5 cxb5 27. Bxf6+ Nxf6 28. Rd6 Re6 29. Rfd1 Bc6 30. Rxe6 fxe6 31. Rd6 Bxg2 32. Kxg2 Re8 33. Kh3 Kf7 34. Qe5 Qe7 35. Qg5 Ng8 36. Qh6 Nxh6 0-1


[Site "https://www.chess.com"]

[Event "Titled Tuesday Blitz March 07 Early 2023"]
[White "Afanasieva, Alexandra"]
[Black "Chylewski, Patryk"]
[WhiteFideId "34126926"]
[BlackFideId "1186191"]
[WhiteElo "1763"]
[BlackElo "2163"]
[Result "1-0"]
[Round "10"]
[TimeControl "180+2"]
[Date "2023.03.07"]
[WhiteClock "0:00:11"]
[BlackClock "0:00:04"]

1. e4 c5 2. Nf3 e6 3. d4 cxd4 4. Nxd4 Nc6 5. Nc3 Qc7 6. f4 a6 7. Be3 d6 8. Qd2 Nxd4 9. Bxd4 Nf6 10. Bd3 e5 11. Be3 Be6 12. O-O Be7 13. h3 O-O 14. f5 Bc4 15. Bxc4 Qxc4 16. Qd3 Qxd3 17. cxd3 Rac8 18. g4 h6 19. g5 hxg5 20. Bxg5 Rfd8 21. Rac1 Rc6 22. Bxf6 Bxf6 23. Nd5 Bg5 24. Rc3 Kf8 25. Rf2 Rdc8 26. Rfc2 Bd8 27. a3 Ba5 28. b4 Bb6+ 29. Kg2 Bd4 30. Rxc6 Rxc6 31. Rxc6 bxc6 32. Nc7 Ke7 33. Nxa6 Kd7 34. a4 Kc8 35. b5 cxb5 36. axb5 Kb7 37. Nb4 Kb6 38. Nc6 Be3 39. Kf3 Bg5 40. Kg4 f6 41. Nd8 Kxb5 42. Nf7 Be3 43. Nxd6+ Kc5 44. Ne8 Bh6 45. Kh5 Kd4 46. Kg6 Kxd3 47. Nxg7 Bxg7 48. Kxg7 Kxe4 49. Kxf6 Kf4 50. Kg6 e4 51. f6 e3 52. f7 e2 53. f8=Q+ Kg3 54. Qe7 Kf2 55. Qf6+ Kg2 56. Qe5 Kf1 57. h4 e1=Q 58. Qxe1+ Kxe1 59. h5 1-0


[Site "https://www.chess.com"]